AoeStats
← LearningNewCivsPlsHelp

Lombardia

510234671Analyzed
4v4 RM · 19h ago on Sep 30, 2026· 50m 45s· 8 players
Game mode
Random Map
Map size
Large (8 player)
Population
200
Speed
Normal
Resources
Standard
Victory
Conquest
Starting age
Dark Age
Ending age
Imperial Age
RankedLock teamsTeams togetherTeam positionsShared explorationLock speedFull tech treeHidden civsTurbo modeCheats
Victory
Defeat
1472
+11
🇦🇷 Britons · Argentina
1341
+17
🇧🇷 Varangians · Brazil
1283
+19
🇧🇷 Varangians · Brazil
1152
+24
1486
-23
🇦🇷 Slavs · Argentina
1410
-20
🇦🇷 Varangians · Argentina
1259
-14
🇨🇴 Tatars · Colombia
1251
-14
frantiescolucas
10:24 Feudal Age
9:20 Loom
14:16 Bloodlines
19:55 Castle Age
21:33 Horse Collar
21:39 Double-Bit Axe
23:36 Squires
26:02 Fervor
25:55 Town Watch
26:18 Fletching
27:13 Pikeman
30:18 Scale Mail Armor
30:28 Forging
30:28 Gambesons
33:14 Chain Mail Armor
33:58 Iron Casting
34:31 Wheelbarrow
34:41 Bow Saw
34:32 Heavy Plow
34:28 Gold Mining
35:32 Arson
36:40 Scale Barding Armor
37:08 Hand Cart
37:52 Chain Barding Armor
37:32 Stone Mining
41:57 Imperial Age
40:48 Town Patrol
44:27 Conscription
44:22 Gothikon
45:34 Plate Mail Armor
46:05 Blast Furnace
45:56 Stone Shaft Mining
45:08 Elite Varangian Guard
49:54 Bodkin Arrow
51:33 Coinage
51:04 Caravan
Stock_br
5:58 Loom
10:30 Feudal Age
17:53 Fletching
22:24 Castle Age
24:11 Crossbowman
26:17 Padded Archer Armor
29:15 Horse Collar
29:38 Double-Bit Axe
32:09 Bodkin Arrow
34:19 Wheelbarrow
38:32 Imperial Age
36:44 Scale Barding Armor
37:07 Forging
38:26 Chain Barding Armor
38:09 Gold Mining
40:11 Conscription
40:12 Bracer
43:02 Plate Barding Armor
42:55 Bloodlines
43:34 Husbandry
45:13 Iron Casting
44:33 Elite Jarl
48:45 Light Cavalry
50:27 Blast Furnace
TanjiroK
10:14 Feudal Age
15:00 Castle Age
12:53 Horse Collar
13:19 Double-Bit Axe
16:17 Heavy Plow
20:20 Loom
22:35 Wheelbarrow
25:28 Fletching
26:18 Town Watch
27:19 Bodkin Arrow
27:25 Padded Archer Armor
32:02 Ballistics
36:30 Imperial Age
34:37 Caravan
35:25 Scale Mail Armor
35:39 Forging
35:19 Man-at-Arms
35:47 Gambesons
36:26 Leather Archer Armor
36:30 Chain Mail Armor
38:19 Chemistry
37:24 Bracer
37:58 Ring Archer Armor
37:09 Pikeman
39:20 Plate Mail Armor
39:29 Iron Casting
39:30 Conscription
38:57 Elite Longbowman
40:12 Halberdier
40:55 Squires
41:28 Bow Saw
42:24 Blast Furnace
42:20 Yeomen
43:01 Fortified Wall
44:59 Long Swordsman
46:14 Two-Handed Swordsman
46:42 Arson
LearningNewCivsPlsHelp
7:08 Loom
9:19 Feudal Age
10:18 Double-Bit Axe
10:53 Horse Collar
16:22 Castle Age
17:46 Bow Saw
21:58 Heavy Plow
24:35 Wheelbarrow
23:55 Gold Mining
25:30 Fletching
26:32 Town Watch
27:17 Hand Cart
27:28 Ballistics
28:04 Stone Mining
31:57 Imperial Age
30:34 Forging
30:29 Scale Barding Armor
30:04 Vendel Legacy
30:58 Bloodlines
30:49 Husbandry
31:59 Iron Casting
32:54 Chain Barding Armor
33:40 Blast Furnace
33:02 Conscription
32:03 Cavalier
34:55 Plate Barding Armor
35:35 Bodkin Arrow
36:42 Guilds
36:40 Elite Jarl
38:48 Bracer
39:37 Light Cavalry
40:34 Siege Engineers
42:09 Hussar
42:54 Caravan
43:24 Coinage
44:41 Gothikon
50:53 Banking
Datas
5:38 Loom
11:23 Feudal Age
12:46 Double-Bit Axe
12:48 Horse Collar
15:09 Bloodlines
23:19 Castle Age
22:20 Scale Barding Armor
22:31 Forging
22:38 Gold Mining
24:14 Husbandry
23:38 Light Cavalry
25:20 Chain Barding Armor
28:37 Iron Casting
34:13 Wheelbarrow
33:24 Town Watch
33:53 Bow Saw
33:49 Heavy Plow
34:56 Gambesons
35:12 Squires
34:57 Arson
35:16 Scale Mail Armor
35:49 Hand Cart
35:53 Stone Mining
40:17 Vendel Legacy
44:23 Imperial Age
42:37 Chain Mail Armor
42:13 Fletching
45:26 Conscription
44:26 Gothikon
46:29 Two-Man Saw
44:57 Cavalier
45:41 Hussar
46:48 Town Patrol
47:31 Plate Barding Armor
47:57 Blast Furnace
Cleryus
7:30 Loom
10:02 Feudal Age
11:02 Double-Bit Axe
10:58 Horse Collar
17:52 Wheelbarrow
17:51 Gold Mining
20:28 Castle Age
19:28 Fletching
21:28 Bow Saw
21:21 Bodkin Arrow
24:03 Hand Cart
24:58 Ballistics
28:17 Town Watch
31:20 Town Patrol
31:55 Stone Mining
36:17 Imperial Age
34:37 Bloodlines
35:26 Padded Archer Armor
36:31 Heavy Cavalry Archer
37:47 Bracer
38:04 Leather Archer Armor
39:28 Chemistry
40:11 Ring Archer Armor
39:52 Silk Armor
45:15 Conscription
45:15 Scale Barding Armor
45:20 Forging
44:33 Light Cavalry
45:14 Husbandry
46:01 Hussar
AiM | Alexander the conqueror
6:11 Loom
9:10 Feudal Age
9:56 Double-Bit Axe
10:45 Horse Collar
18:49 Castle Age
17:23 Forging
17:49 Bloodlines
20:29 Husbandry
21:38 Bow Saw
21:30 Heavy Plow
23:38 Town Watch
24:41 Wheelbarrow
26:29 Hand Cart
27:36 Iron Casting
27:07 Scale Barding Armor
30:13 Stone Mining
32:03 Squires
31:48 Gambesons
33:13 Gold Mining
36:00 Imperial Age
34:49 Gold Shaft Mining
34:21 Scale Mail Armor
34:09 Arson
35:11 Fortified Bastions
35:04 Treadmill Crane
35:34 Masonry
35:29 Siege Engineers
36:51 Chain Mail Armor
36:20 Elite Fire Lancer
36:20 Capped Ram
37:48 Conscription
36:51 Siege Ram
39:12 Blast Furnace
41:52 Thunderclap Bombs
44:40 Padded Archer Armor
45:50 Leather Archer Armor
47:05 Ring Archer Armor
49:16 Guilds
49:22 Caravan
Oveja Not Toxic
13:14 Feudal Age
11:40 Loom
13:26 Feudal Age
14:34 Horse Collar
14:45 Double-Bit Axe
15:03 Gold Mining
17:35 Castle Age
19:22 Bow Saw
20:24 Wheelbarrow
20:34 Gold Shaft Mining
22:29 Hand Cart
25:01 Heavy Plow
31:40 Imperial Age
29:32 Man-at-Arms
30:13 Squires
30:24 Forging
30:15 Scale Mail Armor
30:14 Stone Mining
30:51 Scale Mail Armor
30:25 Long Swordsman
31:43 Iron Casting
31:54 Chain Mail Armor
32:57 Conscription
32:40 Druzhina
32:07 Two-Handed Swordsman
33:49 Blast Furnace
33:21 Plate Mail Armor
33:01 Champion
37:40 Capped Ram
38:58 Pikeman
39:33 Halberdier
41:58 Siege Ram
48:58 Elite Boyar
49:46 Scale Barding Armor
Connection lost

Rejoining the realm…

Still unreachable

The connection could not be restored.

Session expired

The server has moved on; the page needs a fresh start.